[ AOE2 MATCH · #472458369 ]
Team RMTurks vs Portuguese
[ REPLAY ANALYSIS · EXTRACTED FROM THE RECORDED GAME ]
Feudal
9:45
Castle
23:10
Imperial
—
| APM avg | 22.9 |
| APM peak | 64 |
| eAPM avg | 12.4 |
| Villagers / military | 81 / 57 |
Focus
⚔️ 31.4% · 🌾 68.6%
Cavalry Archer ×41 · Scout Cavalry ×11 · Camel Scout ×3 · Spearman ×1 · Mangonel ×1
Feudal
10:52
Castle
22:18
Imperial
—
| APM avg | 29.1 |
| APM peak | 60 |
| eAPM avg | 14.1 |
| Villagers / military | 76 / 46 |
Focus
⚔️ 26.3% · 🌾 73.7%
Cavalry Archer ×15 · Camel Scout ×9 · Skirmisher ×6 · Battering Ram ×4 · Mangonel ×4 · Scout Cavalry ×3
Feudal
11:32
Castle
22:54
Imperial
—
| APM avg | 18.8 |
| APM peak | 34 |
| eAPM avg | 11.7 |
| Villagers / military | 63 / 59 |
Focus
⚔️ 29.6% · 🌾 70.4%
Steppe Lancer ×19 · Camel Scout ×16 · Cavalry Archer ×7 · Scout Cavalry ×5 · Spearman ×3 · Battering Ram ×3
Feudal
9:39
Castle
20:16
Imperial
—
| APM avg | 18.4 |
| APM peak | 40 |
| eAPM avg | 11.6 |
| Villagers / military | 91 / 72 |
Focus
⚔️ 23.8% · 🌾 76.2%
Knight ×51 · Skirmisher ×18 · Scout Cavalry ×2 · Battering Ram ×1
Match map
Initial resources + every placement click. Lines = walls · curves = elevation contours. ◆ gold · ⬟ stone · ● berries · ✦ relic · ◌ wall gap
Your base· ✓ Closed at 23:10 · 46t walls · 1 gate(s)
Loyp's base· Open — 5t gap
Espartan HS's base· Open — 1t gap
conbrofresh's base· Open — 1t gap
Smoothed initial terrain · ◌ = detected wall gap · hover for details
Inputs per minute
— danielg090901 - - Loyp
Build order — danielg090901
First 150 of 221 actions detected
| 0:01 | Create | Villager (Male) |
| 0:01 | Create | Villager (Male) |
| 0:02 | Create | Villager (Male) |
| 0:02 | Create | Villager (Male) |
| 0:04 | Build | House |
| 0:06 | Build | House |
| 1:37 | Create | Villager (Male) |
| 1:54 | Build | Lumber Camp |
| 2:03 | Create | Villager (Male) |
| 2:26 | Create | Villager (Male) |
| 2:53 | Create | Villager (Male) |
| 3:04 | Create | Villager (Male) |
| 3:32 | Build | House |
| 3:42 | Create | Villager (Male) |
| 4:15 | Build | Mill |
| 4:20 | Create | Villager (Male) |
| 4:46 | Create | Villager (Male) |
| 5:08 | Create | Villager (Male) |
| 5:21 | Create | Villager (Male) |
| 5:22 | Create | Villager (Male) |
| 5:54 | Build | Lumber Camp |
| 6:29 | Research | Loom |
| 6:30 | Create | Villager (Male) |
| 7:35 | Research | Feudal Age |
| 7:46 | Build | Barracks |
| 7:49 | Build | House |
| 8:26 | Create | Villager (Male) |
| 8:26 | Create | Villager (Male) |
| 9:45 | Age | Feudal Age |
| 9:47 | Build | Stable |
| 9:50 | Research | Double-Bit Axe |
| 9:57 | Build | House |
| 9:59 | Build | House |
| 10:12 | Build | Farm |
| 10:15 | Create | Villager (Male) |
| 10:37 | Create | Villager (Male) |
| 10:41 | Build | Farm |
| 10:44 | Create | Scout Cavalry |
| 10:44 | Create | Scout Cavalry |
| 10:44 | Create | Scout Cavalry |
| 10:55 | Build | Blacksmith |
| 11:04 | Build | Palisade Wall |
| 11:07 | Create | Villager (Male) |
| 11:26 | Create | Scout Cavalry |
| 11:32 | Build | Farm |
| 11:35 | Build | Farm |
| 11:37 | Create | Villager (Male) |
| 11:47 | Build | House |
| 11:50 | Build | House |
| 12:01 | Create | Villager (Male) |
| 12:11 | Build | Farm |
| 12:11 | Build | Farm |
| 12:12 | Build | Farm |
| 12:17 | Create | Villager (Male) |
| 12:27 | Build | House |
| 12:48 | Build | Palisade Wall |
| 12:53 | Build | House |
| 12:57 | Build | Palisade Wall |
| 13:04 | Create | Villager (Male) |
| 13:12 | Build | House |
| 13:17 | Build | Palisade Wall |
| 13:21 | Build | Palisade Wall |
| 13:22 | Create | Villager (Male) |
| 13:33 | Build | Farm |
| 13:37 | Build | Farm |
| 13:41 | Build | Farm |
| 13:48 | Create | Spearman |
| 14:13 | Build | House |
| 14:15 | Build | Palisade Wall |
| 14:18 | Build | House |
| 14:19 | Build | Palisade Wall |
| 14:47 | Create | Villager (Male) |
| 14:53 | Build | Palisade Wall |
| 14:58 | Build | Farm |
| 15:09 | Create | Villager (Male) |
| 15:30 | Create | Villager (Male) |
| 16:04 | Create | Villager (Male) |
| 16:09 | Build | Palisade Gate |
| 16:12 | Create | Villager (Male) |
| 16:17 | Build | Farm |
| 16:19 | Build | Farm |
| 16:33 | Build | Farm |
| 16:33 | Build | Farm |
| 16:34 | Build | Farm |
| 16:34 | Build | Farm |
| 16:44 | Build | Farm |
| 16:45 | Build | Farm |
| 17:09 | Create | Villager (Male) |
| 17:10 | Create | Villager (Male) |
| 17:15 | Create | Villager (Male) |
| 17:43 | Create | Villager (Male) |
| 17:50 | Build | Mining Camp |
| 18:10 | Create | Villager (Male) |
| 18:15 | Create | Villager (Male) |
| 18:40 | Build | Farm |
| 19:15 | Research | Wheelbarrow |
| 19:27 | Build | Archery Range |
| 19:36 | Build | Archery Range |
| 19:55 | Research | Castle Age |
| 20:14 | Research | Fletching |
| 20:59 | Research | Gold Mining |
| 22:06 | Research | Padded Archer Armor |
| 22:08 | Research | Bloodlines |
| 23:10 | Age | Castle Age |
| 23:13 | Create | Cavalry Archer |
| 23:13 | Create | Cavalry Archer |
| 23:13 | Create | Cavalry Archer |
| 23:13 | Create | Cavalry Archer |
| 23:14 | Create | Cavalry Archer |
| 23:14 | Create | Cavalry Archer |
| 23:14 | Create | Cavalry Archer |
| 23:14 | Create | Cavalry Archer |
| 23:24 | Build | Archery Range |
| 23:42 | Create | Villager (Male) |
| 23:43 | Create | Villager (Male) |
| 23:55 | Build | Town Center |
| 24:07 | Create | Villager (Male) |
| 24:21 | Create | Cavalry Archer |
| 24:21 | Create | Cavalry Archer |
| 24:21 | Create | Cavalry Archer |
| 24:21 | Create | Cavalry Archer |
| 24:22 | Create | Cavalry Archer |
| 24:35 | Build | Market |
| 24:41 | Create | Villager (Male) |
| 24:42 | Create | Villager (Male) |
| 24:45 | Research | Bodkin Arrow |
| 25:01 | Create | Villager (Male) |
| 25:22 | Build | Town Center |
| 25:24 | Create | Villager (Male) |
| 25:24 | Create | Villager (Male) |
| 25:52 | Create | Villager (Male) |
| 26:02 | Build | House |
| 26:30 | Create | Villager (Male) |
| 26:31 | Create | Villager (Male) |
| 26:32 | Create | Villager (Male) |
| 27:16 | Create | Villager (Male) |
| 27:16 | Create | Villager (Male) |
| 28:03 | Create | Camel Scout |
| 28:03 | Create | Camel Scout |
| 28:04 | Create | Camel Scout |
| 28:06 | Research | Forging |
| 28:12 | Create | Villager (Male) |
| 28:25 | Create | Cavalry Archer |
| 28:25 | Create | Cavalry Archer |
| 28:25 | Create | Cavalry Archer |
| 28:25 | Create | Cavalry Archer |
| 28:48 | Create | Villager (Male) |
| 28:48 | Create | Villager (Male) |
| 28:49 | Create | Villager (Male) |
| 28:49 | Create | Villager (Male) |
Build order — Loyp
First 150 of 217 actions detected
| 0:00 | Create | Villager (Male) |
| 0:01 | Create | Villager (Male) |
| 0:01 | Create | Villager (Male) |
| 0:02 | Build | House |
| 0:03 | Build | House |
| 0:17 | Create | Villager (Male) |
| 1:32 | Create | Villager (Male) |
| 1:47 | Build | Lumber Camp |
| 2:06 | Create | Villager (Male) |
| 2:31 | Create | Villager (Male) |
| 3:05 | Create | Villager (Male) |
| 3:05 | Create | Villager (Male) |
| 3:30 | Research | Loom |
| 3:30 | Create | Villager (Male) |
| 4:11 | Create | Villager (Male) |
| 4:20 | Build | House |
| 4:39 | Create | Villager (Male) |
| 4:43 | Build | Mill |
| 5:06 | Create | Villager (Male) |
| 5:27 | Create | Villager (Male) |
| 5:44 | Build | House |
| 5:57 | Create | Villager (Male) |
| 6:19 | Create | Villager (Male) |
| 6:59 | Create | Villager (Male) |
| 7:08 | Build | Barracks |
| 7:09 | Build | House |
| 7:25 | Create | Villager (Male) |
| 7:51 | Build | Farm |
| 8:06 | Create | Villager (Male) |
| 8:14 | Build | Farm |
| 8:42 | Research | Feudal Age |
| 9:03 | Build | House |
| 9:31 | Build | Mining Camp |
| 9:51 | Build | Palisade Wall |
| 10:52 | Age | Feudal Age |
| 10:57 | Build | Stable |
| 10:59 | Create | Villager (Male) |
| 11:00 | Create | Villager (Male) |
| 11:08 | Build | Market |
| 11:14 | Research | Double-Bit Axe |
| 11:28 | Create | Villager (Male) |
| 11:53 | Build | Farm |
| 11:55 | Research | Horse Collar |
| 11:56 | Create | Scout Cavalry |
| 11:57 | Create | Scout Cavalry |
| 12:39 | Build | Blacksmith |
| 12:44 | Create | Scout Cavalry |
| 12:54 | Build | Farm |
| 13:01 | Research | Bloodlines |
| 13:30 | Create | Villager (Male) |
| 13:30 | Create | Villager (Male) |
| 13:53 | Create | Villager (Male) |
| 13:59 | Build | House |
| 14:02 | Build | Farm |
| 14:10 | Build | Farm |
| 14:11 | Create | Villager (Male) |
| 14:19 | Build | Palisade Gate |
| 14:21 | Build | House |
| 14:54 | Create | Spearman |
| 14:54 | Create | Spearman |
| 15:01 | Build | Palisade Gate |
| 15:13 | Build | Palisade Gate |
| 15:19 | Build | Palisade Wall |
| 15:29 | Build | Market |
| 15:33 | Build | House |
| 15:37 | Build | Palisade Wall |
| 15:45 | Build | House |
| 15:48 | Build | Palisade Wall |
| 15:50 | Build | House |
| 15:53 | Build | Palisade Wall |
| 16:11 | Build | House |
| 16:18 | Build | Farm |
| 16:27 | Build | Lumber Camp |
| 16:33 | Build | Farm |
| 17:05 | Create | Spearman |
| 17:07 | Create | Villager (Male) |
| 17:42 | Create | Villager (Male) |
| 17:42 | Create | Villager (Male) |
| 17:43 | Create | Villager (Male) |
| 17:47 | Build | Farm |
| 17:48 | Create | Villager (Male) |
| 17:56 | Build | Mining Camp |
| 18:21 | Create | Villager (Male) |
| 18:29 | Build | Farm |
| 18:57 | Build | Farm |
| 19:27 | Build | Farm |
| 19:32 | Build | House |
| 19:38 | Research | Castle Age |
| 20:03 | Create | Villager (Male) |
| 21:53 | Build | House |
| 21:54 | Build | House |
| 22:05 | Create | Villager (Male) |
| 22:18 | Age | Castle Age |
| 22:18 | Create | Villager (Male) |
| 22:22 | Build | Town Center |
| 22:32 | Build | Town Center |
| 22:34 | Create | Villager (Male) |
| 22:52 | Build | Farm |
| 22:55 | Research | Bow Saw |
| 22:56 | Create | Villager (Male) |
| 23:02 | Create | Villager (Male) |
| 23:11 | Create | Villager (Male) |
| 23:12 | Create | Villager (Male) |
| 23:25 | Research | Husbandry |
| 23:33 | Create | Villager (Male) |
| 24:15 | Build | Archery Range |
| 24:24 | Research | Gold Mining |
| 24:27 | Build | Farm |
| 24:29 | Research | Fletching |
| 24:33 | Build | Farm |
| 24:40 | Build | Archery Range |
| 24:42 | Create | Villager (Male) |
| 24:42 | Create | Villager (Male) |
| 24:43 | Create | Villager (Male) |
| 24:47 | Create | Villager (Male) |
| 25:14 | Create | Villager (Male) |
| 25:23 | Create | Cavalry Archer |
| 25:23 | Create | Cavalry Archer |
| 25:30 | Create | Villager (Male) |
| 25:36 | Build | Mill |
| 25:38 | Create | Villager (Male) |
| 25:47 | Build | Lumber Camp |
| 25:53 | Create | Villager (Male) |
| 26:01 | Create | Villager (Male) |
| 26:15 | Create | Cavalry Archer |
| 26:15 | Create | Cavalry Archer |
| 26:18 | Build | Farm |
| 26:26 | Research | Padded Archer Armor |
| 26:38 | Create | Villager (Male) |
| 26:38 | Create | Villager (Male) |
| 26:38 | Create | Villager (Male) |
| 26:45 | Create | Cavalry Archer |
| 26:51 | Create | Villager (Male) |
| 27:28 | Build | House |
| 27:48 | Create | Camel Scout |
| 27:48 | Create | Camel Scout |
| 27:54 | Create | Skirmisher |
| 27:54 | Create | Skirmisher |
| 28:09 | Research | Elite Skirmisher (upgrade) |
| 28:12 | Create | Villager (Male) |
| 28:15 | Create | Camel Scout |
| 28:19 | Research | Bodkin Arrow |
| 28:34 | Create | Villager (Male) |
| 29:06 | Create | Villager (Male) |
| 29:10 | Build | Archery Range |
| 29:11 | Create | Villager (Male) |
| 29:12 | Create | Villager (Male) |
| 29:12 | Create | Villager (Male) |
| 29:30 | Build | Siege Workshop |
| 29:36 | Create | Cavalry Archer |
Build order — Espartan HS
First 150 of 195 actions detected
| 0:13 | Build | House |
| 0:15 | Build | House |
| 0:17 | Create | Villager (Male) |
| 0:17 | Create | Villager (Male) |
| 0:17 | Create | Villager (Male) |
| 0:18 | Create | Villager (Male) |
| 2:06 | Build | Lumber Camp |
| 2:51 | Create | Villager (Male) |
| 2:52 | Create | Villager (Male) |
| 2:59 | Create | Villager (Male) |
| 4:11 | Build | House |
| 4:13 | Build | House |
| 4:30 | Create | Villager (Male) |
| 4:30 | Create | Villager (Male) |
| 4:52 | Create | Villager (Male) |
| 6:00 | Create | Villager (Male) |
| 6:02 | Create | Villager (Male) |
| 6:04 | Build | Mill |
| 6:51 | Create | Villager (Male) |
| 7:07 | Create | Villager (Male) |
| 7:31 | Create | Villager (Male) |
| 7:32 | Create | Villager (Male) |
| 7:47 | Build | Pasture |
| 8:12 | Create | Villager (Male) |
| 8:47 | Research | Loom |
| 8:55 | Build | Pasture |
| 9:19 | Research | Feudal Age |
| 10:26 | Build | Palisade Wall |
| 10:58 | Build | House |
| 11:01 | Build | Barracks |
| 11:32 | Age | Feudal Age |
| 12:09 | Build | Stable |
| 12:11 | Create | Villager (Male) |
| 12:12 | Create | Villager (Male) |
| 12:49 | Build | Lumber Camp |
| 12:50 | Create | Villager (Male) |
| 13:01 | Create | Scout Cavalry |
| 13:01 | Create | Scout Cavalry |
| 13:02 | Create | Scout Cavalry |
| 13:03 | Create | Scout Cavalry |
| 13:12 | Research | Double-Bit Axe |
| 13:32 | Create | Villager (Male) |
| 14:09 | Create | Villager (Male) |
| 14:11 | Research | Wheelbarrow |
| 14:16 | Build | House |
| 14:18 | Build | House |
| 14:21 | Build | House |
| 14:31 | Build | Pasture |
| 15:03 | Build | Mining Camp |
| 15:08 | Create | Villager (Male) |
| 15:25 | Build | Blacksmith |
| 15:32 | Create | Villager (Male) |
| 16:18 | Build | Pasture |
| 16:20 | Create | Villager (Male) |
| 16:20 | Create | Villager (Male) |
| 16:44 | Build | Pasture |
| 16:45 | Create | Villager (Male) |
| 16:47 | Research | Forging |
| 17:02 | Research | Scale Barding Armor |
| 17:42 | Build | Pasture |
| 17:46 | Create | Villager (Male) |
| 18:04 | Create | Villager (Male) |
| 18:14 | Build | Pasture |
| 18:19 | Build | Pasture |
| 18:30 | Build | Market |
| 18:38 | Create | Villager (Male) |
| 18:51 | Build | Pasture |
| 18:59 | Research | Tech 1014 |
| 19:29 | Build | Watch Tower |
| 19:34 | Build | House |
| 19:36 | Build | House |
| 19:43 | Build | Palisade Wall |
| 19:47 | Create | Spearman |
| 19:50 | Create | Spearman |
| 20:14 | Research | Castle Age |
| 20:34 | Research | Gold Mining |
| 21:06 | Build | Archery Range |
| 21:10 | Build | Palisade Wall |
| 21:16 | Create | Scout Cavalry |
| 21:39 | Create | Militia |
| 21:42 | Create | Spearman |
| 22:18 | Create | Villager (Male) |
| 22:19 | Create | Villager (Male) |
| 22:20 | Create | Villager (Male) |
| 22:40 | Create | Skirmisher |
| 22:40 | Create | Skirmisher |
| 22:53 | Build | Palisade Wall |
| 22:54 | Age | Castle Age |
| 23:07 | Build | Siege Workshop |
| 23:14 | Research | Iron Casting |
| 23:15 | Research | Chain Barding Armor |
| 23:22 | Research | Husbandry |
| 23:23 | Create | Steppe Lancer |
| 23:23 | Create | Steppe Lancer |
| 24:03 | Build | Town Center |
| 24:08 | Create | Villager (Male) |
| 24:11 | Create | Villager (Male) |
| 24:12 | Create | Villager (Male) |
| 24:14 | Build | House |
| 24:31 | Create | Steppe Lancer |
| 24:56 | Create | Steppe Lancer |
| 25:09 | Create | Cavalry Archer |
| 25:10 | Create | Cavalry Archer |
| 25:22 | Create | Battering Ram |
| 25:29 | Build | House |
| 25:35 | Create | Villager (Male) |
| 25:36 | Create | Villager (Male) |
| 25:38 | Research | Bow Saw |
| 25:59 | Create | Villager (Male) |
| 26:05 | Create | Villager (Male) |
| 26:09 | Build | House |
| 26:14 | Create | Iron Pagoda |
| 26:22 | Create | Steppe Lancer |
| 26:24 | Create | Steppe Lancer |
| 26:52 | Build | Lumber Camp |
| 27:04 | Create | Battering Ram |
| 27:08 | Create | Cavalry Archer |
| 27:14 | Build | House |
| 27:47 | Create | Steppe Lancer |
| 27:48 | Create | Steppe Lancer |
| 27:48 | Create | Steppe Lancer |
| 28:06 | Build | House |
| 28:30 | Create | Steppe Lancer |
| 28:30 | Create | Steppe Lancer |
| 28:31 | Create | Steppe Lancer |
| 28:41 | Build | House |
| 28:43 | Create | Villager (Male) |
| 28:43 | Create | Villager (Male) |
| 28:44 | Create | Villager (Male) |
| 28:44 | Create | Villager (Male) |
| 28:50 | Create | Villager (Male) |
| 28:50 | Create | Villager (Male) |
| 29:32 | Build | House |
| 29:34 | Create | Villager (Male) |
| 29:34 | Create | Villager (Male) |
| 29:42 | Build | Town Center |
| 29:52 | Create | Steppe Lancer |
| 29:53 | Create | Steppe Lancer |
| 29:53 | Create | Steppe Lancer |
| 29:54 | Create | Steppe Lancer |
| 30:01 | Create | Cavalry Archer |
| 30:01 | Create | Cavalry Archer |
| 30:59 | Create | Steppe Lancer |
| 30:59 | Create | Steppe Lancer |
| 31:02 | Create | Cavalry Archer |
| 31:03 | Create | Cavalry Archer |
| 31:26 | Research | Fletching |
| 31:50 | Create | Villager (Male) |
| 31:51 | Create | Villager (Male) |
| 31:56 | Research | Stone Mining |
Build order — conbrofresh
First 150 of 249 actions detected
| 0:01 | Create | Villager (Male) |
| 0:02 | Build | House |
| 0:04 | Build | House |
| 0:19 | Create | Villager (Male) |
| 0:29 | Create | Villager (Male) |
| 1:00 | Create | Villager (Male) |
| 1:35 | Create | Villager (Male) |
| 1:51 | Build | Lumber Camp |
| 2:06 | Create | Villager (Male) |
| 2:22 | Create | Villager (Male) |
| 2:52 | Create | Villager (Male) |
| 3:03 | Build | House |
| 3:38 | Create | Villager (Male) |
| 3:42 | Create | Villager (Male) |
| 4:32 | Build | Mill |
| 4:43 | Create | Villager (Male) |
| 5:10 | Create | Villager (Male) |
| 5:33 | Create | Villager (Male) |
| 6:05 | Create | Villager (Male) |
| 6:37 | Create | Villager (Male) |
| 6:51 | Research | Loom |
| 7:29 | Research | Feudal Age |
| 7:52 | Build | Lumber Camp |
| 8:16 | Build | House |
| 8:53 | Build | Barracks |
| 9:05 | Build | Palisade Wall |
| 9:13 | Build | Palisade Wall |
| 9:37 | Create | Villager (Male) |
| 9:39 | Age | Feudal Age |
| 9:40 | Research | Double-Bit Axe |
| 10:00 | Build | Stable |
| 10:08 | Create | Villager (Male) |
| 10:14 | Build | Farm |
| 10:27 | Build | Palisade Wall |
| 10:30 | Build | Palisade Wall |
| 10:31 | Create | Villager (Male) |
| 10:36 | Build | Farm |
| 10:39 | Create | Villager (Male) |
| 10:52 | Build | House |
| 11:05 | Create | Scout Cavalry |
| 11:25 | Create | Scout Cavalry |
| 11:28 | Create | Villager (Male) |
| 11:37 | Build | Palisade Wall |
| 11:40 | Create | Villager (Male) |
| 11:42 | Build | Farm |
| 11:46 | Build | Farm |
| 11:49 | Research | Horse Collar |
| 12:01 | Build | Palisade Wall |
| 12:06 | Create | Villager (Male) |
| 12:09 | Build | Farm |
| 12:10 | Build | Farm |
| 12:11 | Build | Farm |
| 12:43 | Create | Villager (Male) |
| 12:52 | Create | Villager (Male) |
| 13:00 | Build | Mining Camp |
| 13:08 | Create | Villager (Male) |
| 13:13 | Build | Farm |
| 13:16 | Build | Farm |
| 13:22 | Build | Palisade Wall |
| 14:01 | Build | House |
| 14:32 | Create | Villager (Male) |
| 14:41 | Build | House |
| 14:43 | Build | House |
| 14:55 | Build | Blacksmith |
| 15:24 | Create | Villager (Male) |
| 15:41 | Build | House |
| 15:51 | Create | Villager (Male) |
| 16:07 | Research | Gold Mining |
| 16:15 | Build | House |
| 16:18 | Build | House |
| 16:30 | Build | Farm |
| 16:34 | Build | Farm |
| 16:34 | Build | Farm |
| 16:36 | Build | Farm |
| 16:37 | Build | Farm |
| 16:41 | Create | Villager (Male) |
| 16:51 | Build | Market |
| 17:02 | Build | House |
| 17:20 | Build | Farm |
| 17:24 | Build | Farm |
| 17:25 | Build | Farm |
| 17:36 | Research | Castle Age |
| 18:01 | Build | Farm |
| 18:03 | Build | Farm |
| 18:27 | Create | Villager (Male) |
| 18:41 | Research | Bloodlines |
| 18:45 | Research | Scale Barding Armor |
| 19:02 | Build | Stable |
| 20:16 | Age | Castle Age |
| 20:22 | Build | Town Center |
| 20:37 | Create | Villager (Male) |
| 20:43 | Research | Husbandry |
| 20:44 | Create | Knight |
| 20:44 | Create | Knight |
| 21:09 | Create | Villager (Male) |
| 21:09 | Create | Villager (Male) |
| 21:30 | Build | House |
| 21:31 | Build | House |
| 21:31 | Build | House |
| 21:31 | Build | House |
| 21:31 | Build | House |
| 21:32 | Build | House |
| 21:32 | Build | House |
| 21:32 | Build | House |
| 21:34 | Create | Knight |
| 21:35 | Create | Knight |
| 21:51 | Create | Villager (Male) |
| 21:52 | Create | Villager (Male) |
| 21:57 | Create | Villager (Male) |
| 21:58 | Create | Villager (Male) |
| 22:06 | Create | Villager (Male) |
| 22:06 | Create | Villager (Male) |
| 22:21 | Create | Villager (Male) |
| 22:21 | Create | Villager (Male) |
| 22:39 | Create | Villager (Male) |
| 22:40 | Build | Mining Camp |
| 22:46 | Create | Villager (Male) |
| 22:46 | Create | Villager (Male) |
| 22:47 | Create | Knight |
| 22:48 | Create | Knight |
| 23:09 | Create | Villager (Male) |
| 23:09 | Create | Villager (Male) |
| 23:30 | Research | Wheelbarrow |
| 23:39 | Research | Chain Barding Armor |
| 23:46 | Build | Farm |
| 23:47 | Build | Farm |
| 23:47 | Build | Farm |
| 23:48 | Build | Farm |
| 23:56 | Research | Bow Saw |
| 24:18 | Create | Villager (Male) |
| 24:18 | Create | Villager (Male) |
| 24:35 | Build | Mining Camp |
| 24:44 | Create | Knight |
| 24:45 | Create | Knight |
| 24:55 | Research | Forging |
| 24:57 | Create | Villager (Male) |
| 24:57 | Create | Villager (Male) |
| 25:15 | Build | House |
| 25:15 | Build | House |
| 25:21 | Create | Knight |
| 25:21 | Create | Knight |
| 25:46 | Create | Villager (Male) |
| 25:47 | Create | Villager (Male) |
| 25:49 | Create | Knight |
| 25:49 | Create | Knight |
| 26:01 | Create | Villager (Male) |
| 26:01 | Create | Villager (Male) |
| 26:24 | Research | Iron Casting |
| 26:31 | Build | House |
| 26:32 | Build | House |
Match timeline
| 7:08 | Loyp · first_building Barracks |
| 7:46 | danielg090901 · first_building Barracks |
| 8:53 | conbrofresh · first_building Barracks |
| 9:05 | conbrofresh · wall_segment Palisade Wall x6 |
| 9:13 | conbrofresh · wall_segment Palisade Wall x1 |
| 9:39 | conbrofresh · age_up feudal |
| 9:45 | danielg090901 · age_up feudal |
| 9:47 | danielg090901 · first_building Stable |
| 9:51 | Loyp · wall_segment Palisade Wall x14 |
| 10:00 | conbrofresh · first_building Stable |
| 10:26 | Espartan HS · wall_segment Palisade Wall x4 |
| 10:27 | conbrofresh · wall_segment Palisade Wall x5 |
| 10:30 | conbrofresh · wall_segment Palisade Wall x4 |
| 10:52 | Loyp · age_up feudal |
| 10:57 | Loyp · first_building Stable |
| 11:01 | Espartan HS · first_building Barracks |
| 11:04 | danielg090901 · wall_segment Palisade Wall x9 |
| 11:32 | Espartan HS · age_up feudal |
| 11:37 | conbrofresh · wall_segment Palisade Wall x11 |
| 12:01 | conbrofresh · wall_segment Palisade Wall x8 |
| 12:09 | Espartan HS · first_building Stable |
| 12:48 | danielg090901 · wall_segment Palisade Wall x3 |
| 12:57 | danielg090901 · wall_segment Palisade Wall x8 |
| 13:17 | danielg090901 · wall_segment Palisade Wall x5 |
| 13:21 | danielg090901 · wall_segment Palisade Wall x17 |
| 13:22 | conbrofresh · wall_segment Palisade Wall x11 |
| 14:15 | danielg090901 · wall_segment Palisade Wall x1 |
| 14:19 | danielg090901 · wall_segment Palisade Wall x1 |
| 14:53 | danielg090901 · wall_segment Palisade Wall x2 |
| 15:19 | Loyp · wall_segment Palisade Wall x3 |
| 15:37 | Loyp · wall_segment Palisade Wall x3 |
| 15:48 | Loyp · wall_segment Palisade Wall x1 |
| 15:53 | Loyp · wall_segment Palisade Wall x1 |
| 18:53 | Loyp · first_market_buy 100 food |
| 19:27 | danielg090901 · first_building Archery Range |
| 19:43 | Espartan HS · wall_segment Palisade Wall x4 |
| 20:16 | conbrofresh · age_up castle |
| 21:06 | Espartan HS · first_building Archery Range |
| 21:10 | Espartan HS · wall_segment Palisade Wall x4 |
| 22:18 | Loyp · age_up castle |
| 22:53 | Espartan HS · wall_segment Palisade Wall x1 |
| 22:54 | Espartan HS · age_up castle |
| 23:07 | Espartan HS · first_building Siege Workshop |
| 23:10 | danielg090901 · age_up castle |
| 23:57 | Espartan HS · first_market_sell 100 wood |
| 24:00 | Espartan HS · first_market_buy 100 stone |
| 24:15 | Loyp · first_building Archery Range |
| 24:53 | conbrofresh · first_market_buy 100 food |
| 29:13 | conbrofresh · first_building Archery Range |
| 29:30 | Loyp · first_building Siege Workshop |
| 29:40 | conbrofresh · first_market_sell 100 wood |
| 30:47 | danielg090901 · first_market_sell 100 food |
| 30:49 | danielg090901 · first_market_buy 100 wood |
| 31:53 | danielg090901 · first_building Siege Workshop |
| 32:04 | Loyp · first_building Monastery |
| 32:05 | conbrofresh · first_building Siege Workshop |
| 33:50 | Loyp · first_building Castle |
| 34:24 | Espartan HS · first_building Monastery |
| 35:47 | Espartan HS · first_building Castle |
| 37:09 | danielg090901 · resign |
[ AI ANALYSIS · 1 CREDIT ]
What really happened in this match?
Wolo.gg analyzes every decision: build order, eco, micro, common mistakes by bracket. Personalized analysis on WhatsApp or Discord in 30 seconds.
Civ guide
Turks
Map guide
Arabia
Perfil
Jugador #3390731